 Dungeon Crawl Stone Soup version 0.25-a0-353-ged6d54792d (webtiles) character file.

Game seed: 355771249094356606, levelgen mode: classic

14455 Borgoz the Fighter (level 12, -11/79 HPs)
             Began as a Gargoyle Fighter on Jan 1, 2020.
             Was a Follower of Ashenzari.
             Mangled by a catoblepas (13 damage)
             ... in a Gauntlet.
             The game lasted 00:28:02 (10231 turns).

Borgoz the Fighter (Gargoyle Fighter)              Turns: 10231, Time: 00:28:03

Health: -11/79     AC: 23    Str: 19    XL:     12   Next: 16%
Magic:  12/12      EV: 10    Int: 11    God:    Ashenzari [*.....]
Gold:   747        SH:  0    Dex: 16    Spells: 11/11 levels left

rFire    + + .     SeeInvis .   b - +1 morningstar (holy)
rCold    + . .     Gourm    .   (no shield)
rNeg     + . .     Faith    .   E - +0 plate armour {rF+}
rPois    ∞         Spirit   .   (no helmet)
rElec    +         Reflect  .   (no cloak)
rCorr    +         Harm     .   (no gloves)
MR       .....     NoTele   +   (no boots)
Stlth    ..........             w - amulet "Xirghofo" {rF+ rC+ Regen+ Str-4 Dex+4} (curse)
HPRegen  0.63/turn              x - ring of resist corrosion
MPRegen  0.13/turn              t - +3 ring of strength

@: hasted, very quick
A: negative energy resistance 1, electricity resistance, unbreathing,
petrification resistance, rot immunity, AC +8
a: Curse Item, Scrying, Renounce Religion


You were in a Gauntlet.
You worshipped Ashenzari.
Ashenzari was aware of your devotion.
You were not hungry.

You visited 2 branches of the dungeon, and saw 13 of its levels.
You also visited: Ossuary and Gauntlet.

You collected 747 gold pieces.

Inventory:

Hand Weapons
 a - a +0 antimagic flail
 b - a +1 morningstar of holy wrath (weapon)
Armour
 E - a +0 plate armour of fire resistance (worn)
Jewellery
 d - a +4 ring of protection
 t - a +3 ring of strength (right hand)
 w - the cursed amulet "Xirghofo" (around neck) {rF+ rC+ Regen+ Str-4 Dex+4}
   (You found it on level 4 of the Dungeon)

   [amulet of regeneration]

   It affects your strength (-4).
   It affects your dexterity (+4).
   It protects you from fire.
   It protects you from cold.
   It increases your rate of regeneration.
   It has a curse placed upon it.
 x - a ring of resist corrosion (left hand)
Wands
 e - a wand of digging (4)
 v - a wand of iceblast (4)
Scrolls
 c - a scroll of summoning
 g - 3 scrolls of fear {unknown}
 i - 7 scrolls of teleportation
 p - a scroll of magic mapping {unknown}
 q - 6 scrolls of remove curse
Potions
 j - 2 potions of resistance
 l - a potion of lignification {unknown}
 r - 3 potions of invisibility
Comestibles
 f - 40 rations


   Skills:
 + Level 10.8 Fighting
 + Level 10.7 Maces & Flails
 + Level 10.8 Armour
 + Level 7.9 Dodging
   Level 3.2 Shields


You had 11 spell levels left.
You didn't know any spells.
Your spell library contained the following spells:

 Spells                   Type           Power        Failure   Level  Hunger
 Animate Skeleton         Necr           N/A          99%         1    ##.....
 Apportation              Tloc           #.....       99%         1    ##.....
 Confusing Touch          Hex            #.....       99%         1    ##.....
 Corona                   Hex            #......      99%         1    ##.....
 Magic Dart               Conj           #...         99%         1    ##.....
 Summon Small Mammal      Summ           #...         99%         1    ##.....
 Call Imp                 Summ           #.......     100%        2    ###....
 Searing Ray              Conj           #.....       100%        2    ###....
 Slow                     Hex            #.......     100%        2    ###....
 Call Canine Familiar     Summ           #.......     100%        3    ####...
 Dazzling Flash           Conj/Hex       #.....       100%        3    ####...
 Inner Flame              Hex/Fire       #.......     100%        3    ####...
 Portal Projectile        Hex/Tloc       #.....       100%        3    ####...
 Summon Guardian Golem    Hex/Summ       #.......     100%        3    ####...
 Cause Fear               Hex            #.........   100%        4    #####..
 Fulminant Prism          Conj/Hex       #.........   100%        4    #####..
 Iskenderun's Mystic Bla  Conj/Tloc      #.......     100%        4    #####..
 Leda's Liquefaction      Hex/Erth       #.........   100%        4    #####..
 Summon Ice Beast         Ice/Summ       #.......     100%        4    #####..
 Summon Lightning Spire   Summ/Air       #.......     100%        4    #####..


Dungeon Overview and Level Annotations

Branches:
Dungeon (11/15)            Temple (0/1) D:4            Lair (2/6) D:8
    Orc (0/2) D:9         Ossuary (visited)         Gauntlet (1/1)
  Swamp: Lair:2-4    Shoals: Lair:2-4     Snake: Lair:2-4    Spider: Lair:2-4

Altars:
Ashenzari
Cheibriados
Dithmenos
Fedhas
Gozag
Kikubaaqudgha
Makhleb
Nemelex Xobeh
Okawaru
Qazlal
Ru
Trog
Uskayaw
Zin

Shops:
D:4 *(

Annotations:
D:6 2 transporters, BuddyBo's ghost, amateur DrAE Gauntlet 10 transporters


Innate Abilities, Weirdness & Mutations

You are resistant to torment.
Your stone body is resilient. (AC +8)
You are immune to poison.
You resist negative energy. (rN+)
You are resistant to electric shocks. (rElec)
You can survive without breathing.
You are immune to petrification.
You are immune to rotting.


Message History

The catoblepas breathes a plume of calcifying dust at you.
The blast of calcifying dust hits you.
* * * LOW HITPOINT WARNING * * *
You hit the catoblepas.
The catoblepas is moderately wounded.
You hit the catoblepas but do no damage.
The catoblepas is moderately wounded.
The catoblepas gores you but does no damage.
You hit the catoblepas but do no damage.
The catoblepas is moderately wounded.
You hit the catoblepas.
The catoblepas is moderately wounded.
The catoblepas gores you!!
* * * LOW HITPOINT WARNING * * *
You sock the catoblepas!
The catoblepas is heavily wounded.
You hit the catoblepas.
The catoblepas is heavily wounded.
The catoblepas gores you!
You die...

)©![.#.##=#©#)##.##2)©?.##.≈##
.###.#.#W#.#?#.#.##..###.#.##
^###.#.##.#.#.##.#.##..#.#.≈##
.###.#.#W#.#©#.#.#.#.©#.##.≈≈#
#©...#.##W#.#W##.##.##..##.≈##
#..#.#.#.#.#W#W#.##.#.##.#.##
.....#.##.#.#W##.#2#.#..##.≈##
######.###################.≈≈#
.©#.......#©..§§@Y...©#....≈##
###..P♣P..#############.♣..##
#....P.PP...#.?.99..#....P.≈##
#..P#≈#≈#...#..#....#.♣.P..≈≈#
#..P≈≈≈≈≈...#.###...#.PP...≈##
#.♣P#≈#≈#.♣.#.§#©#..#.♣PP..##
#...≈≈≈≈≈...#.9.###.#.....≈#
#..P#≈#≈#P..#....#..#.♣..≈≈#
#...........#.......#...####


You could see a catoblepas, a blizzard demon, 2 gargoyles and 4 shadows.

Vanquished Creatures
  2 hydras (Lair:1)
  A death knight (D:11)
  A two-headed ogre (D:8)
  Pikel (D:6)
  3 spiny frogs
  A rime drake (Lair:2)
  3 komodo dragons
  A queen bee (D:9)
  A slime creature (D:10)
  2 hippogriffs
  A wraith (D:11)
  A ynoxinul (Gauntlet)
  A wyvern (D:8)
  3 hogs (D:7)
  7 yaks
  A human (D:7)
  Menkaure (D:6)
  2 water moccasins
  3 porcupines
  4 orc warriors
  3 ice beasts
  4 slaves (D:6)
  8 ogres
  A centaur (D:8)
  12 wolves (Lair:2)
  2 big kobolds
  3 crocodiles
  An elf zombie (Ossuary)
  5 bullfrogs
  A wyvern zombie (D:9)
  4 scorpions
  27 killer bees
  2 howler monkeys
  5 crimson imps
  A bullfrog zombie (D:5)
  A quasit (D:9)
  A human zombie (Ossuary)
  4 iron imps (Gauntlet)
  A bullfrog skeleton (D:7)
  2 centaur skeletons
  4 jellies
  5 orc priests
  6 orc wizards
  2 iguanas
  4 worker ants
  A big kobold zombie (Ossuary)
  2 hound zombies (Ossuary)
  3 mummies (Ossuary)
  A worker ant zombie (D:6)
  9 gnolls
  A howler monkey skeleton (D:5)
  A howler monkey zombie (D:7)
  13 adders
  A shadow imp (D:5)
  3 oozes
  2 adder zombies (Ossuary)
  A worm (D:3)
  4 leopard geckos
  43 orcs
  A ball python (D:4)
  6 bats
  4 giant cockroaches
  A goblin (D:3)
  10 hobgoblins
  6 jackals
  A quokka (D:5)
  A frilled lizard (D:4)
  6 goblin zombies (Ossuary)
  4 hobgoblin zombies (Ossuary)
  4 jackal zombies (Ossuary)
  18 kobolds
  2 kobold zombies (Ossuary)
  A leopard gecko skeleton (D:6)
  An orc zombie (Ossuary)
  4 quokka zombies (Ossuary)
  11 rats
  2 rat zombies (Ossuary)
317 creatures vanquished.

Vanquished Creatures (others)
  A bush (Lair:2)
  2 fungi (Lair:2)
  2 plants
5 creatures vanquished.

Grand Total: 322 creatures vanquished

Notes
Turn   | Place    | Note
-------+----------+-------------------------------------------
     0 | D:1      | Borgoz the Gargoyle Fighter began the quest for the Orb.
     0 | D:1      | Reached XP level 1. HP: 14/14 MP: 1/1
   267 | D:1      | Reached XP level 2. HP: 19/19 MP: 2/2
   625 | D:1      | Reached XP level 3. HP: 23/23 MP: 3/3
   903 | D:2      | Found an opulent altar of Gozag.
   931 | D:2      | Reached skill level 1 in Dodging
  1258 | D:2      | Reached XP level 4. HP: 26/29 MP: 4/4
  1828 | D:3      | Reached XP level 5. HP: 13/33 MP: 5/5
  2520 | D:4      | Found Coajosm's General Store.
  2576 | D:4      | Found Barchudi's Weapon Boutique.
  2607 | D:4      | Got a translucent ruby amulet
  2609 | D:4      | Identified the amulet "Xirghofo" {rF+ rC+ Regen+ Str-4
                  | Dex+4} (You found it on level 4 of the Dungeon)
  2622 | D:4      | Found a staircase to the Ecumenical Temple.
  2814 | D:4      | Noticed an ogre
  2821 | D:4      | Killed an ogre
  2821 | D:4      | Reached XP level 6. HP: 33/39 MP: 6/6
  2852 | D:5      | Entered Level 5 of the Dungeon
  2934 | D:5      | Reached XP level 7. HP: 44/44 MP: 7/7
  2986 | D:5      | Found a bloodstained altar of Trog.
  2986 | D:5      | Found an iron altar of Okawaru.
  3060 | D:5      | Reached skill level 5 in Maces & Flails
  3127 | D:5      | Reached skill level 5 in Fighting
  3143 | D:5      | Reached skill level 5 in Armour
  3360 | D:5      | Found a sand-covered staircase.
  3369 | Ossuary  | Entered an ossuary
  3400 | Ossuary  | Reached XP level 8. HP: 50/50 MP: 8/8
  4552 | D:6      | Found a transporter.
  4568 | D:6      | Reached XP level 9. HP: 56/56 MP: 9/9
  4620 | D:6      | Found a transporter.
  4620 | D:6      | Noticed BuddyBo's ghost (amateur DrAE)
  4622 | D:6      | Noticed a queen bee
  4675 | D:6      | Noticed Pikel
  4756 | D:6      | Killed Pikel
  5088 | D:6      | Found a glowing silver altar of Zin.
  5090 | D:6      | Noticed Menkaure
  5091 | D:6      | Found an ancient bone altar of Kikubaaqudgha.
  5093 | D:6      | Killed Menkaure
  5097 | D:6      | Found a burning altar of Makhleb.
  5097 | D:6      | Found a shattered altar of Ashenzari.
  5097 | D:6      | Found a snail-covered altar of Cheibriados.
  5099 | D:6      | Found a shadowy altar of Dithmenos.
  5106 | D:6      | Found a blossoming altar of Fedhas.
  5108 | D:6      | Found a sacrificial altar of Ru.
  5112 | D:6      | Became a worshipper of Ashenzari the Shackled
  5144 | D:7      | Found a hide-covered altar of Uskayaw.
  5179 | D:7      | Found a stormy altar of Qazlal.
  5271 | D:7      | Reached skill level 5 in Dodging
  5625 | D:7      | Reached XP level 10. HP: 64/64 MP: 10/10
  6005 | D:8      | Noticed a two-headed ogre
  6019 | D:8      | Killed a two-headed ogre
  6507 | D:8      | Reached * piety under Ashenzari
  6706 | D:8      | Found a staircase to the Lair.
  7233 | D:9      | Found a staircase to the Orcish Mines.
  7377 | D:9      | Found a sparkling altar of Nemelex Xobeh.
  7649 | D:9      | Reached XP level 11. HP: 64/71 MP: 3/11
  7983 | D:10     | Entered Level 10 of the Dungeon
  8362 | D:11     | Noticed a death knight
  8362 | D:11     | Noticed a skeletal warrior
  8384 | D:11     | Killed a death knight
  8498 | Lair:1   | Entered Level 1 of the Lair of Beasts
  8498 | Lair:1   | Noticed a six-headed hydra
  8527 | Lair:1   | Killed a six-headed hydra
  8527 | Lair:1   | Reached skill level 10 in Maces & Flails
  8537 | Lair:1   | HP: 2/72 [spiny frog (12)]
  8540 | Lair:1   | Reached skill level 10 in Fighting
  8702 | Lair:1   | Reached skill level 10 in Armour
  8703 | Lair:1   | Noticed a five-headed hydra
  8723 | Lair:1   | Killed a five-headed hydra
  9089 | Lair:1   | Got the shortbow "Impbane" {venom, rElec rF+}
  9733 | Lair:2   | Reached XP level 12. HP: 66/78 MP: 12/12
  9875 | Lair:2   | Found a gate leading to a gauntlet.
  9879 | Lair:2   | Noticed a seven-headed hydra
  9885 | Gauntlet | Entered a Gauntlet
  9885 | Gauntlet | Found a transporter.
  9892 | Gauntlet | Found a transporter.
  9894 | Gauntlet | Found a transporter.
  9905 | Gauntlet | Found a transporter.
  9910 | Gauntlet | Found a transporter.
  9917 | Gauntlet | Found a transporter.
  9928 | Gauntlet | Noticed a wretched star
  9930 | Gauntlet | Found a transporter.
  9975 | Gauntlet | Found a transporter.
  9984 | Gauntlet | Identified the ring "Archener" {rCorr Stlth+}
  9985 | Gauntlet | Found a transporter.
  9985 | Gauntlet | Noticed a blizzard demon
  9999 | Gauntlet | Found a transporter.
 10001 | Gauntlet | Noticed a catoblepas
 10014 | Gauntlet | Found a transporter.
 10014 | Gauntlet | Found a transporter.
 10091 | Gauntlet | Found a transporter.
 10092 | Gauntlet | Found a transporter.
 10229 | Gauntlet | HP: 1/79 [catoblepas (23)]
 10231 | Gauntlet | Mangled by a catoblepas

Levels and vault maps discovered:
D:1:      evilmike_arrival_grusome_pit, layout_loops_ring
D:2:      layout_basic, first_ration,
          nicolae_gozag_cash_rules_everything_around_me
D:3:      layout_basic, eino_tiny_chamber, minmay_misc_feat_encased,
          minmay_pentomino_pile
D:4:      layout_rooms, minmay_temple_entry_antechambers, serial_shops,
          nicolae_shop_crystal, kennysheep_mini_moat
D:5:      layout_loops_ring, grunt_temple_overflow_bloody_war,
          lightli_ossuary_entry_decrepit_ruins, minmay_fountain_box, minmay_bent
D:6:      layout_loops_ring, minitemple, gammafunk_ghost_hive, uniq_pikel,
          uniq_menkaure
D:7:      layout_cave_pods, old_standard_altar,
          nicolae_qazlal_general_emergency, grunt_livestock, minivault_5
D:8:      layout_loops_ring, david_lair_shrubbed
D:9:      layout_roguey, nemelex_xobeh_ov_fountains_minmay, david_orc_2,
          special_room [special_room_bee]
D:10:     layout_loops_cross
D:11:     layout_loops_cross, enter_trove_0, grunt_ministairs_11
Lair:1:   layout_roguey
Lair:2:   layout_loops_ring, minmay_snake_entry_guardpost_small,
          gauntlet_entry_generic, grunt_megastairs_4, minmay_lair_oklob_chamber
Gauntlet: minmay_gauntlet_77_tree [minmay_gauntlet_arena_77_braids,
          minmay_gauntlet_arena_77_double_cross,
          minmay_gauntlet_arena_77_p_blocks, minmay_gauntlet_arena_77_mess,
          minmay_gauntlet_arena_77_checkered,
          minmay_gauntlet_arena_77_block_sizes, minmay_gauntlet_arena_77_box,
          nicolae_gauntlet_exit_dead_adventurers]

Skill      XL: |  1  2  3  4  5  6  7  8  9 10 11 |
---------------+----------------------------------+-----
Dodging        | 1 2 3 5 6 7 |  7.9
Maces & Flails | 3 4 5 7 8 9 10 | 10.7
Fighting       | 4 5 6 7 9 10 | 10.8
Armour         | 4 5 6 7 9 10 | 10.8
Shields        | |  3.2

Action                   |  1- 3 |  4- 6 |  7- 9 | 10-12 || total
-------------------------+-------+-------+-------+-------++-------
Melee: Flail             |   135 |    87 |       |   618 ||   840
       Morningstar       |       |    54 |   353 |   282 ||   689
       Whip              |       |       |    70 |    19 ||    89
Throw: Throwing net      |       |       |       |     1 ||     1
Invok: Curse Item        |       |       |       |     1 ||     1
Evoke: Wand              |       |       |     3 |    10 ||    13
  Use: Potion            |     1 |     2 |     3 |    11 ||    17
       Scroll            |       |    11 |     3 |     4 ||    18
 Stab: Paralysed         |       |       |     2 |       ||     2
  Eat: Chunk             |     1 |     5 |    10 |    16 ||    32
       Ration            |       |       |       |     1 ||     1
Armor: Scale mail        |   117 |    89 |   113 |       ||   319
       Plate armour      |       |       |   122 |   784 ||   906
Dodge: Dodged            |    94 |    98 |   196 |   563 ||   951
Block: Shield            |     2 |       |       |       ||     2

Table legend:
 A = Non-vault XP
 B = Vault XP
 C = Vault XP percentage of total XP
 D = Non-vault monster count
 E = Vault monster count
 F = Vault count percentage of total count
                 A         B        C        D         E       F
            +---------+---------+-------+---------+---------+-------
      Total |   15467 |    5183 |  25.1 |     221 |      92 |  29.4
            +---------+---------+-------+---------+---------+-------
        D:1 |      37 |       0 |   0.0 |      21 |       0 |   0.0
        D:2 |      56 |       0 |   0.0 |      13 |       0 |   0.0
        D:3 |     100 |       7 |   6.5 |      16 |       5 |  23.8
        D:4 |     234 |       0 |   0.0 |       7 |       0 |   0.0
        D:5 |     934 |     168 |  15.2 |      27 |       8 |  22.9
        D:6 |     817 |     820 |  50.1 |      30 |       2 |   6.2
        D:7 |     194 |     992 |  83.6 |       6 |       5 |  45.5
        D:8 |    2550 |     350 |  12.1 |      39 |       1 |   2.5
        D:9 |     669 |    1771 |  72.6 |       9 |      32 |  78.0
       D:10 |    1058 |       0 |   0.0 |      15 |       0 |   0.0
       D:11 |    1153 |       0 |   0.0 |       2 |       0 |   0.0
     Lair:1 |    5036 |       0 |   0.0 |      18 |       0 |   0.0
     Lair:2 |    2629 |     411 |  13.5 |      18 |       1 |   5.3
    Ossuary |       0 |     289 | 100.0 |       0 |      33 | 100.0
   Gauntlet |       0 |     375 | 100.0 |       0 |       5 | 100.0
            +---------+---------+-------+---------+---------+-------
